Map: Lerilak Crest

Players

Patience

  • Race: Protoss Protoss
  • League: Platinum

SolaCe (Nina) - Winner!

  • Race: Protoss Protoss
  • League: Master

Event: ASL Season 5 Prime League LOTV Beta

VOD

Have the link to the VOD?

Description

Time

  • Played on: Sept. 30, 2015, 9:27 p.m.
  • Length: 10:17

All games in this series

Show
View Real Time Build Order
Export as new Build Order

Patience Protoss 

Build Orders: Phoenix Opening 

Get SALT Encoding   

  12  0:00  Probe (Chrono Boost)  
  13  0:10  Probe (Chrono Boost)  
  14  0:17  Pylon  
  14  0:21  Probe (Chrono Boost)  
  15  0:35  Probe (Chrono Boost)  
  15  0:38  Gateway  
  16  0:45  Probe (Chrono Boost)  
  16  0:47  Assimilator  
  17  0:51  Assimilator  
  17  0:55  Probe (Chrono Boost)  
  18  1:05  Probe (Chrono Boost)  
  19  1:11  Pylon  
  19  1:15  Probe (Chrono Boost)  
  20  1:25  Probe (Chrono Boost)  
  21  1:26  Cybernetics Core  
  21  1:34  Probe (Chrono Boost)  
  22  1:44  Probe (Chrono Boost)  
  23  1:56  Probe (Chrono Boost)  
  24  2:06  Mothership Core (Chrono Boost)  
  24  2:08  Stargate  
  26  2:13  Warp Gate (Chrono Boost)  
  26  2:19  Pylon  
  26  2:28  Nexus  
  26  2:50  Phoenix (Chrono Boost)  
  26  2:52  Gateway  
  26  2:56  Gateway  
  28  3:06  Pylon  
  28  3:11  Phoenix (Chrono Boost)  
  30  3:16  Probe  
  30  3:28  Void Ray (Chrono Boost)  
  34  4:01  Void Ray  
  34  4:02  Pylon  
  38  4:13  Stalker x2  
  42  4:21  Pylon  
  41  4:27  Sentry  
  43  4:43  Pylon  
  43  4:49  Probe, Robotics Facility  
  43  4:51  Probe, Pylon  
  45  5:10  Probe x2  
  47  5:16  Stalker  
  47  5:17  Stalker  
  51  5:22  Probe x2  
  53  5:34  Probe x2 (Chrono Boost)  
  55  5:36  Observer (Chrono Boost)  
  56  5:46  Probe x2 (Chrono Boost)  
  58  5:50  Twilight Council, Forge  
  58  5:56  Probe x2 (Chrono Boost)  
  60  5:57  Adept  
  60  5:59  Observer  
  63  6:05  Probe x2 (Chrono Boost)  
  65  6:11  Assimilator  
  65  6:15  Probe x2 (Chrono Boost)  
  65  6:16  Pylon  
  67  6:18  Stalker  
  67  6:22  Immortal (Chrono Boost)  
  69  6:32  Pylon  
  73  6:35  Pylon  
  73  6:44  Void Ray (Chrono Boost)  
  77  6:51  Probe x2  
  77  6:53  Immortal  
  83  7:04  Photon Cannon, Blink (Chrono Boost)  
  83  7:08  Assimilator  
  83  7:22  Probe x2  
  85  7:28  Gateway  
  85  7:29  Gateway  
  85  7:30  Immortal  
  89  7:41  Pylon  
  89  7:43  Protoss Ground Weapons Level 1 (Chrono Boost)  
  89  7:44  Adept, Pylon  
  91  7:59  Adept x2  
  91  8:00  Photon Cannon  
  95  8:08  Immortal  
  99  8:20  Adept x3  
  99  8:26  Templar Archives  
  105  8:56  Templar Archives  
  105  8:59  Warp Prism  
  107  9:06  Adept x3  
  107  9:07  Adept x2  
  117  9:11  Gateway  
  117  9:12  Gateway  
  115  9:26  Mothership Core (Chrono Boost)  
  113  9:33  Adept x3  
  113  9:34  Adept  
  121  9:40  Adept  
  60  10:01  Adept x4  
Show
View Real Time Build Order
Export as new Build Order

SolaCe Protoss - Winner!

Build Orders: Blink Stalkers 

Get SALT Encoding   

  12  0:00  Probe (Chrono Boost)  
  13  0:10  Probe (Chrono Boost)  
  14  0:18  Pylon  
  14  0:21  Probe (Chrono Boost)  
  15  0:35  Probe (Chrono Boost)  
  15  0:38  Gateway  
  16  0:45  Probe (Chrono Boost)  
  16  0:47  Assimilator  
  17  0:55  Probe (Chrono Boost), Assimilator  
  18  1:06  Probe (Chrono Boost)  
  19  1:16  Probe (Chrono Boost)  
  20  1:25  Cybernetics Core  
  20  1:26  Probe (Chrono Boost)  
  21  1:36  Probe (Chrono Boost)  
  22  1:42  Pylon  
  22  1:46  Probe (Chrono Boost)  
  23  2:01  Warp Gate (Chrono Boost)  
  23  2:02  Adept  
  23  2:08  Mothership Core (Chrono Boost)  
  25  2:10  Twilight Council  
  27  2:29  Nexus  
  27  2:32  Probe (Chrono Boost)  
  31  2:46  Probe (Chrono Boost), Blink (Chrono Boost)  
  29  2:52  Pylon  
  29  2:56  Probe (Chrono Boost)  
  30  3:06  Probe (Chrono Boost)  
  30  3:08  Gateway  
  31  3:16  Probe (Chrono Boost)  
  32  3:23  Gateway  
  32  3:26  Probe (Chrono Boost)  
  31  3:38  Probe  
  31  3:39  Gateway  
  31  3:41  Probe  
  33  3:51  Probe  
  33  3:55  Probe  
  35  4:03  Probe  
  35  4:06  Probe  
  37  4:15  Probe  
  38  4:18  Pylon  
  38  4:19  Stalker x2, Probe  
  38  4:23  Stalker  
  45  4:27  Probe  
  45  4:30  Probe, Pylon  
  46  4:37  Stalker  
  49  4:42  Stalker  
  49  4:43  Stalker  
  49  4:45  Stalker  
  55  4:48  Pylon  
  55  4:51  Probe  
  56  5:10  Stalker x4  
  60  5:14  Assimilator  
  60  5:15  Assimilator  
  60  5:16  Probe  
  61  5:21  Probe, Forge  
  62  5:31  Stalker x2, Pylon  
  66  5:40  Probe  
  67  5:44  Probe (Chrono Boost)  
  68  5:51  Templar Archives  
  68  5:52  Stalker x3  
  68  5:56  Probe (Chrono Boost)  
  76  6:03  Pylon  
  75  6:04  Stalker  
  75  6:06  Charge (Chrono Boost)  
  77  6:13  Psionic Storm, Photon Cannon  
  77  6:28  Gateway  
  77  6:34  Gateway  
  77  6:38  Photon Cannon  
  77  6:43  High Templar  
  77  6:44  Gateway  
  79  6:58  Gateway, High Templar  
  79  7:00  Gateway, Pylon  
  81  7:11  Zealot x2  
  85  7:22  High Templar  
  87  7:29  Nexus  
  87  7:31  High Templar  
  87  7:32  Gateway, Zealot x2  
  87  7:36  Zealot  
  95  7:37  Zealot  
  97  7:45  Zealot  
  97  7:50  Pylon  
  99  7:53  Zealot  
  101  7:58  Pylon  
  101  8:01  Pylon  
  101  8:08  Zealot, High Templar x2  
  101  8:09  Zealot  
  101  8:11  Archon  
  109  8:20  Pylon  
  109  8:21  Pylon  
  109  8:23  High Templar x2  
  109  8:24  Zealot x2  
  117  8:27  Zealot  
  117  8:31  Archon  
  117  8:34  Zealot x2  
  123  8:39  Zealot  
  122  8:46  Zealot x2  
  122  8:53  Adept  
  123  8:58  High Templar x2  
  123  9:02  Archon  
  127  9:04  Zealot  
  128  9:10  Pylon  
  124  9:27  Stalker x3  
  90  9:54  Archon  
  90  9:56  Stalker x2  
  90  9:57  Stalker x3  
Tags
 
Add a new tag
Caveats
  • Supply blocks, unpowered buildings, or Contaminate may cause inaccurate times.
  • Supply counts are checked every 10 seconds.